 Dungeon Crawl Stone Soup version 0.29.0-13-gc9e81de378 (webtiles) character file.

Game seed: 12907012874979579891

1914 styxcanada the Covert (level 8, -2/40 HPs)
             Began as a Spriggan Brigand on Sept 7, 2022.
             Slain by a gnoll sergeant
             ... wielding a +0 glaive
              (14 damage)
             ... in a bailey.
             The game lasted 00:34:35 (8323 turns).

styxcanada the Covert (Spriggan Brigand)            Turns: 8323, Time: 00:34:35

Health: -2/40      AC:  5    Str:  7    XL:     8   Next: 95%
Magic:  13/13      EV: 20    Int: 12    God:
Gold:   379        SH:  0    Dex: 19    Spells: 10/13 levels left

rFire   . . .      SeeInvis +   a - +4 dagger (flame)
rCold   . . .      Faith    .   (no shield)
rNeg    . . .      Spirit   .   q - +2 robe {Will+}
rPois   +          Reflect  .   (helmet restricted)
rElec   .          Harm     .   c - +0 cloak
rCorr   .          Rampage  .   (gloves unavailable)
Will    ++...                   (boots unavailable)
Stlth   +++++.....              (no amulet)
HPRegen 0.13/turn               k - ring of poison resistance
MPRegen 0.13/turn               g - ring of flight

@: flying, very quick
A: very small, no large weapons, unfitting armour, see invisible, speed 3
a: no special abilities


You were in a bailey.
You visited 2 branches of the dungeon, and saw 8 of its levels.
You also visited: Bailey.

You collected 379 gold pieces.

Inventory:

Hand Weapons
 a - a +4 dagger of flaming (weapon)
 b - a +0 sling
Missiles
 e - 3 curare-tipped darts
 i - 52 stones
 o - 14 poisoned darts (quivered)
 A - a throwing net
Armour
 c - a +0 cloak (worn)
 q - a +2 robe of willpower (worn)
Jewellery
 g - a ring of flight (right hand)
 k - a ring of poison resistance (left hand)
 s - an amulet of faith
Wands
 d - a wand of roots (2)
 h - a wand of polymorph (6)
 y - a wand of flame (19)
Scrolls
 m - a scroll of teleportation
 r - a scroll of fear
 u - a scroll of fog
 v - a scroll of enchant armour
 w - a scroll of poison
 z - a scroll of identify
Potions
 f - 7 potions of curing
 j - 2 potions of lignification
 l - 2 potions of might {unknown}
 n - a potion of mutation {unknown}
 p - a potion of brilliance {unknown}
 t - 2 potions of attraction {unknown}
 x - a potion of heal wounds {unknown}


   Skills:
 * Level 3.2 Fighting
 + Level 4.4 Short Blades
 + Level 3.9 Throwing
 * Level 5.0 Dodging
 * Level 10.5 Stealth
 * Level 3.2 Spellcasting
 * Level 3.2 Hexes
 * Level 3.5 Transmutations
 * Level 2.2 Ice Magic
 * Level 2.4 Poison Magic
 * Level 3.6 Evocations


You had 10 spell levels left.
You knew the following spells:

 Your Spells              Type           Power      Damage    Failure   Level
a - Sting                 Tmut/Pois      36%        1d4       7%          1
b - Ensorcelled Hibernat  Hex/Ice        16%        N/A       12%         2

Your spell library contained the following spells:

 Spells                   Type           Power      Damage    Failure   Level
 Passwall                 Tmut/Erth      5%         N/A       19%         2
 Tukima's Dance           Hex            9%         N/A       19%         3
 Poisonous Vapours        Pois/Air       8%         N/A       22%         2
 Sandblast                Erth           2%         2d4       24%         1
 Summon Guardian Golem    Hex/Summ       5%         N/A       36%         3
 Stone Arrow              Conj/Erth      2%         3d7       58%         3
 Swiftness                Air            1%         N/A       58%         3
 Olgreb's Toxic Radiance  Pois           7%         N/A       65%         4
 Yara's Violent Unravell  Hex/Tmut       5%         3d4       86%         5
 Passage of Golubria      Tloc           1%         N/A       94%         4
 Summon Lightning Spire   Summ/Air       1%         N/A       94%         4
 Orb of Destruction       Conj           0%         9d5       100%        7
 Spellforged Servitor     Conj/Summ      0%         N/A       100%        7
 Storm Form               Tmut/Air       3%         N/A       100%        7
 Maxwell's Capacitive Co  Air            0%         ∞         100%        8


Dungeon Overview and Level Annotations

Branches:
Dungeon (7/15)             Temple (1/1) D:6          Bailey (1/1)

Altars:
Ashenzari
Dithmenos
Elyvilon
Fedhas
Hepliaklqana
Kikubaaqudgha
Nemelex Xobeh
Okawaru
Qazlal
Trog
Yredelemnul
Zin
The Shining One

Annotations:
D:6 miserystealer's ghost, novice VSBr


Innate Abilities, Weirdness & Mutations

You are very small and have problems with some larger weapons.
You are too small for most types of armour.
You have supernaturally acute eyesight. (SInv)
You cover ground extremely quickly. (Speed+++)


Message History

The gnoll shouts! x2
You hit the gnoll. You burn the gnoll.
The gnoll is heavily wounded.
The gnoll hits you with a +0 trident. The gnoll barely misses you.
The gnoll sergeant misses you.
You hit the gnoll. You burn the gnoll.
The gnoll is severely wounded.
The gnoll completely misses you.
The gnoll sergeant completely misses you.
The gnoll completely misses you.
You hit the gnoll. You burn the gnoll.
The gnoll is almost dead.
You hit the gnoll. You burn the gnoll.
You kill the gnoll!
The gnoll sergeant completely misses you.
The gnoll misses you.
You hit the gnoll. You burn the gnoll.
The gnoll is lightly wounded.
The gnoll sergeant misses you. The gnoll misses you.
You hit the gnoll but do no damage.
The gnoll is lightly wounded.
The gnoll sergeant completely misses you.
The gnoll closely misses you.
You hit the gnoll but do no damage.
The gnoll is lightly wounded.
The gnoll sergeant hits you from afar with a +0 glaive!
The gnoll hits you with a +0 trident.
You hit the gnoll. You burn the gnoll.
The gnoll is heavily wounded.
You barely miss the gnoll.
The gnoll is heavily wounded.
The gnoll sergeant barely misses you. The gnoll hits you with a +0 trident.
You hit the gnoll but do no damage.
The gnoll is heavily wounded.
The gnoll sergeant closely misses you. The gnoll hits you with a +0 trident.
* * * LOW HITPOINT WARNING * * *
You hit the gnoll but do no damage.
The gnoll is heavily wounded.
The gnoll sergeant hits you from afar with a +0 glaive!
You die...

.................
.######'''######.
#...# #...# #...#
##'## ##...##
##.....##
#....@).#
#..$8$g.#
#...g...#
##.....## ##...##
##+##


You could see a gnoll sergeant and a gnoll.

Vanquished Creatures
  A black bear (D:5)
  An ogre (D:5)
  A kobold brigand (D:6)
  3 phantoms
  4 bullfrogs
  3 necrophages
  4 scorpions
  A howler monkey (D:5)
  4 hounds
  An orc priest (D:3)
  A gnoll bouda (D:6)
  4 orc wizards
  Natasha (thrice) (D:2)
  3 iguanas
  Robin (D:3)
  7 adders
  11 gnolls
  2 worms
  2 dart slugs
  12 orcs
  4 bats
  8 endoplasms
  4 giant cockroaches
  18 goblins
  12 hobgoblins
  5 jackals
  7 kobolds
  2 quokkas
  3 ball pythons
  3 frilled lizards
  9 rats
144 creatures vanquished.

Notes
Turn   | Place    | Note
-------+----------+-------------------------------------------
     0 | D:1      | styxcanada the Spriggan Brigand began the quest for the
                  | Orb.
     0 | D:1      | Reached XP level 1. HP: 10/10 MP: 2/2
    77 | D:1      | Reached skill level 6 in Stealth
   351 | D:1      | Reached XP level 2. HP: 9/14 MP: 3/3
  1115 | D:1      | Reached XP level 3. HP: 18/18 MP: 4/4
  1126 | D:1      | Reached skill level 7 in Stealth
  1294 | D:2      | You fall into a shaft and drop 1 floor!
  2257 | D:2      | Noticed Natasha
  2342 | D:2      | Reached XP level 4. HP: 10/23 MP: 5/5
  2354 | D:2      | Killed Natasha
  2656 | D:2      | Noticed Natasha
  2676 | D:2      | Killed Natasha
  2677 | D:2      | Reached XP level 5. HP: 8/26 MP: 6/6
  2877 | D:2      | Noticed Natasha
  2883 | D:2      | Killed Natasha
  3069 | D:2      | Learned a level 1 spell: Sting
  3072 | D:2      | Learned a level 2 spell: Ensorcelled Hibernation
  3253 | D:3      | Noticed Robin
  3317 | D:3      | Killed Robin
  3391 | D:3      | Reached skill level 8 in Stealth
  3503 | D:3      | Reached XP level 6. HP: 14/30 MP: 7/7
  4505 | D:4      | Reached skill level 1 in Transmutations
  4505 | D:4      | Reached skill level 1 in Evocations
  4754 | D:4      | Reached skill level 1 in Hexes
  5055 | D:5      | Entered Level 5 of the Dungeon
  5067 | D:5      | Reached skill level 1 in Spellcasting
  5072 | D:5      | Reached skill level 1 in Poison Magic
  5214 | D:5      | Reached skill level 1 in Ice Magic
  5214 | D:5      | Reached XP level 7. HP: 35/35 MP: 8/10
  5568 | D:5      | Reached skill level 9 in Stealth
  6060 | D:6      | Found a transporter.
  6060 | D:6      | Found a transporter.
  6060 | D:6      | Noticed miserystealer's ghost (novice VSBr)
  6538 | D:6      | Reached XP level 8. HP: 25/39 MP: 12/12
  6694 | D:6      | Found a staircase to the Ecumenical Temple.
  6703 | Temple   | Entered the Ecumenical Temple
  7680 | D:7      | Reached skill level 10 in Stealth
  8007 | D:7      | Found a flagged portal.
  8017 | D:7      | Reached skill level 5 in Dodging
  8029 | Bailey   | Entered a bailey
  8323 | Bailey   | Slain by a gnoll sergeant

Illustrated notes

Levels and vault maps discovered:
D:1:      minmay_arrival_wavy_path, layout_basic, minmay_cupped
D:2:      layout_basic, uniq_natasha
D:3:      cheibrodos_pilgrimage, layout_loops_corners,
          nicolae_elevator_lobby_plus, uniq_robin
D:4:      layout_loops_ring, st_stairs_9
D:5:      layout_basic, chequers_mini_garden
D:6:      layout_basic, minmay_temple_entry_mini_moons, gammafunk_ghost_arena,
          serial_glass, glass_columns_b, glass_columns_c, item_on_display_a,
          minmay_strange_pillars
D:7:      layout_cave_pods, nicolae_overflow_hidden_temple, enter_bailey_4,
          minmay_quadrilaterals
Temple:   cyrus_circular_temple
Bailey:   bailey_polearm_gnolls_kennysheep, bailey

Skill      XL: |  1  2  3  4  5  6  7  8 |
---------------+-------------------------+-----
Stealth        | 6 7 8 9 10 | 10.5
Dodging        | 2 3 5 |  5.0
Fighting       | 2 3 |  3.2
Short Blades   | 3 4 |  4.4
Throwing       | 3 |  3.9
Transmutations | 1 2 3 |  3.5
Evocations     | 1 2 3 |  3.6
Hexes          | 1 2 3 |  3.2
Spellcasting   | 1 2 3 |  3.2
Poison Magic   | 1 2 |  2.4
Ice Magic      | 1 2 |  2.2

Action                   |  1- 3 |  4- 6 |  7- 9 || total
-------------------------+-------+-------+-------++-------
Melee: Dagger            |   137 |   121 |   195 ||   453
       Punch             |     3 |     1 |     2 ||     6
Throw: Dart              |    28 |    52 |    28 ||   108
       Stone             |       |     1 |       ||     1
Evoke: Wand              |       |       |    10 ||    10
  Use: Scroll            |       |     8 |     6 ||    14
 Stab: Sleeping          |     7 |     7 |     9 ||    23
       Distracted        |       |     2 |       ||     2
Armor: Robe              |    24 |    11 |    25 ||    60
Dodge: Dodged            |   100 |    75 |   160 ||   335
